 Dungeon Crawl Stone Soup version 0.13-a0-3104-gb5885e9 (webtiles) character file.

268 PolkaDot the Ruinous (level 5, -2/33 HPs)
             Began as a Vampire Wizard on Sept 19, 2013.
             Killed from afar by an orc wizard (5 damage)
             ... with a magic dart
             ... on Level 3 of the Dungeon.
             The game lasted 00:09:35 (2683 turns).

PolkaDot the Ruinous (Vampire Wizard)               Turns: 2683, Time: 00:09:35

HP  -2/33        AC  3     Str  6      XL: 5   Next: 38%
MP   4/13        EV 12     Int 21      God:
Gold 82          SH  0     Dex 12      Spells:  3 memorised,  3 levels left

Res.Fire  : . . .   See Invis. : +   g - +0 short sword
Res.Cold  : . . .   Warding    : .   a - +0 robe
Life Prot.: . . .   Conserve   : .   (no shield)
Res.Poison: .       Res.Corr.  : .   b - +0 wizard hat
Res.Elec. : .       Clarity    : .   (no cloak)
Sust.Abil.: . .     Spirit.Shd : .   i - +0 pair of elf gloves
Res.Mut.  : .       Stasis     : .   (no boots)
Res.Rott. : .       Flight     : .   e - amulet of faith {unknown}
Saprovore : . . .                    (no ring)
                                     h - cursed ring of hunger

@: regenerating quickly, very slightly contaminated, slightly resistant to
hostile enchantments, stealthy
A: fangs 3, see invisible, unbreathing
a: no special abilities


You were on level 3 of the Dungeon.
You were full.

You visited 1 branch of the dungeon, and saw 3 of its levels.

You collected 62 gold pieces.

Inventory:

Hand weapons
 g - a +0,+0 short sword (weapon)
Armour
 a - a +0 robe (worn)
 b - a +0 wizard hat (worn)
 i - a +0 pair of elven gloves (worn)
 l - a +0 buckler
Magical devices
 d - a wand of magic darts (5)
 o - a wand of magic darts (0)
Scrolls
 f - a scroll of magic mapping {unknown}
 j - 3 scrolls of identify {unknown}
 k - a scroll of fear {unknown}
 n - a scroll of teleportation {unknown}
 q - 2 scrolls of enchant weapon I {unknown}
Jewellery
 e - an amulet of faith (around neck) {unknown}
 h - a cursed ring of hunger (left hand)
Potions
 m - a potion of heal wounds {unknown}
 p - a potion of curing {unknown}
Books
 c - a book of Minor Magic

   Spells                             Type                      Level
   *Magic Dart                        Conjuration                  1
   Blink                              Translocation                2
   Call Imp                           Summoning                    2
   Repel Missiles                     Charms/Air                   2
   Slow                               Hexes                        2
   *Conjure Flame                     Conjuration/Fire             3
   *Mephitic Cloud                    Conjuration/Poison/Air       3


   Skills:
 - Level 2.1 Dodging
 - Level 3.0 Stealth
 - Level 3.0 Spellcasting
 * Level 4.0 Conjurations
   Level 1.0 Summonings
   Level 0.7 Translocations


You had 3 spell levels left.
You knew the following spells:

 Your Spells              Type           Power        Failure   Level  Hunger
a - Magic Dart            Conj           ###.         2%          1    None
d - Mephitic Cloud        Conj/Pois/Air  #.......     24%         3    ###....
s - Conjure Flame         Conj/Fire      ##......     21%         3    ###....


Dungeon Overview and Level Annotations

Branches:
Dungeon (3/27)

Altars:
Trog


Innate Abilities, Weirdness & Mutations

Your natural rate of healing is unusually fast.
You have razor-sharp teeth.*
You have supernaturally acute eyesight.
You can survive without breathing.*


Message History

The magic dart hits the orc wizard.
The orc wizard is severely wounded.
The orc wizard hits you with a glowing orcish dagger.
* * * LOW HITPOINT WARNING * * *
The orc barely misses you.
Casting: Magic Dart
Confirm with . or Enter, or press ? or * to list all spells.
Aiming: Magic Dart
Press: ? - help, Shift-Dir - straight line, f/p - orc
Aim: an orc, wielding an orcish trident and wearing an orcish ring mail (severely wounded)
You miscast Magic Dart.
Nothing appears to happen.
The orc wizard barely misses you. The orc wizard completely misses you.
The orc hits you from afar with an orcish trident.
* * * LOW HITPOINT WARNING * * *
The orc wizard points at you and mumbles some strange words.
The magic dart hits you!
* * * LOW HITPOINT WARNING * * *
The orc wizard gestures at you while chanting.
The magic dart hits you!
You die...

########.########
#................
.
#.######.########
#.# #.# #.# #.#
#.# #.# #.#
#.######## #.#
#%........ #.#
#@.####### #.#
#..# #.# #o.# #.#
#o.# #### #.#
.o..# #... #.#
.....# #... #.#
......# #.<# #.#
.......# #.# #...
#.#........# #.#
#...


You could see an orc wizard and 2 orcs.

Vanquished Creatures
  Sigmund (D:2)
  Ijyb (D:2)
  3 adders
  A worm (D:3)
  An orc (D:3)
  A ball python (D:3)
  13 bats
  5 giant cockroaches
  7 goblins
  8 hobgoblins
  12 kobolds
  A quokka (D:3)
  4 giant newts
  8 rats
66 creatures vanquished.

Notes
Turn   | Place    | Note
--------------------------------------------------------------
     0 | D:1      | PolkaDot, the Vampire Wizard, began the quest for the Orb.
     0 | D:1      | Reached XP level 1. HP: 11/11 MP: 6/6
    50 | D:1      | Reached skill level 1 in Conjurations
   313 | D:1      | Reached XP level 2. HP: 17/17 MP: 4/8
   934 | D:2      | Noticed Sigmund
   999 | D:2      | Reached XP level 3. HP: 22/22 MP: 1/10
  1147 | D:2      | Learned a level 3 spell: Conjure Flame
  1151 | D:2      | Learned a level 3 spell: Mephitic Cloud
  1197 | D:2      | Killed Sigmund
  1197 | D:2      | Reached XP level 4. HP: 17/28 MP: 1/12
  1498 | D:2      | Noticed Ijyb
  1558 | D:2      | Killed Ijyb
  1558 | D:2      | Reached XP level 5. HP: 20/33 MP: 0/13
  2329 | D:3      | Found a bloodstained altar of Trog.
  2446 | D:3      | Reached skill level 4 in Conjurations
  2683 | D:3      | Killed from afar by an orc wizard

Action                   |  1- 3 |  4- 6 || total
-------------------------+-------+-------++-------
Melee: Short sword       |    22 |    51 ||    73
 Cast: Magic Dart        |    72 |    93 ||   165
       Mephitic Cloud    |     1 |     3 ||     4
  Use: Potion            |     1 |       ||     1
 Stab: Confused          |     1 |     3 ||     4
